 Dungeon Crawl Stone Soup version bcrawl-1.17.3 (webtiles) character file.

Game seed: 1890665867862189377

104828 Chiseanne the Nimble (level 15, 0/108 HPs)
             Began as a Mummy Archaeologist on Sept 28, 2019.
             Was an Initiate of Gozag.
             Engulfed by a cloud of flame (9 damage)
             ... on level 1 of the Swamp on Oct 20, 2019.
             The game lasted 02:35:13 (35497 turns).

Chiseanne the Nimble (Mummy Archaeologist)         Turns: 35497, Time: 02:35:13

Health: 0/108      AC: 16    Str: 27    XL:     15   Next: 93%
Magic:  1/29       EV: 20    Int: 43    God:    Gozag
Gold:   411        SH:  0    Dex: 15    Spells: 4/35 levels left

rFire    . . .     SeeInvis .   a - +6 Majin-Bo {vamp, *Drain Str+12 Int+24}
rCold    + . .     Gourm    .   (shield currently unavailable)
rNeg     + + +     Faith    .   A - +2 leather armour of Inviolability {rElec MR+ Dex-2}
rPois    ∞         Spirit   .   x - +2 helmet {Int+3}
rElec    +         Reflect  .   C - +2 cloak {+Inv}
rCorr    +         Harm     .   D - +2 pair of gloves {Dex+3}
MR       +++..     Clarity  +   w - +0 pair of boots of the Seventy-Seven Beds {MR+}
Stlth    ++........             f - amulet of the acrobat
HPRegen  0.28/turn              p - ring of resist corrosion
MPRegen  0.21/turn              B - ring of protection from fire

@: gold aura, very slightly contaminated, invisible
A: no food or potions, fire vulnerability, clarity, cold resistance 1, negative
energy resistance 3, torment resistance, unbreathing, in touch with death 1
a: Potion Petition, Call Merchant, Bribe Branch, Renounce Religion


You were on level 1 of the Swamp.
You worshipped Gozag.
Gozag was aware of your devotion.
You were not hungry.

You visited 5 branches of the dungeon, and saw 21 of its levels.
You also visited: Ossuary and Bailey.

You collected 13074 gold pieces.
You spent 5558 gold pieces at shops.
You paid 7105 gold pieces to Gozag.

Inventory:

Hand Weapons
 a - the +6 Majin-Bo (weapon) {vamp, *Drain Str+12 Int+24}

   It inflicts no extra harm, but heals its wielder when it wounds a living foe.
   It affects your strength (+12).
   It affects your intelligence (+24).
   It causes draining when unequipped.
 o - a +2 great sword of flaming
 y - a +0 blowgun
Missiles
 b - 351 poisoned needles
 j - 3588 arrows
 k - 1693 tomahawks (quivered)
 m - 549 sling bullets
 n - 1537 bolts
 G - 6 throwing nets {!f}
 J - 79 tomahawks of dispersal
 K - 158 exploding tomahawks
 M - 61 needles of confusion
Armour
 w - the +0 pair of boots of the Seventy-Seven Beds (worn) {MR+}
   (You bought it in a shop on level 6 of the Dungeon)

   It affects your resistance to hostile enchantments.
 x - a +2 helmet of intelligence (worn)
 A - the +2 leather armour of Inviolability (worn) {rElec MR+ Dex-2}
   (You bought it in a shop on level 6 of the Dungeon)

   It affects your dexterity (-2).
   It insulates you from electricity.
   It affects your resistance to hostile enchantments.
 C - a +2 cloak of invisibility (worn)
 D - a +2 pair of gloves of dexterity (worn)
 I - the +0 cloak of the Constellations {rC+ MR+ Regen+ Str-5}
   (You bought it in a shop on level 10 of the Dungeon)

   It affects your strength (-5).
   It protects you from cold.
   It affects your resistance to hostile enchantments.
   It increases your rate of regeneration.
 L - the +1 ice dragon scales "Habb" {rF- rC++ rN+ rCorr}
   (You bought it in a shop on level 9 of the Dungeon)

   It makes you vulnerable to fire.
   It greatly protects you from cold.
   It protects you from negative energy.
   It provides partial protection from all sources of acid and corrosion.
Jewellery
 f - an amulet of the acrobat (around neck)
 h - an uncursed ring of flight
 p - a ring of resist corrosion (left hand)
 B - a ring of protection from fire (right hand)
Wands
 d - a wand of disintegration (1)
 t - a wand of polymorph (7)
 z - a wand of paralysis (4)
 H - a wand of digging (4)
Scrolls
 c - 2 scrolls of immolation
 e - a scroll of fear
 g - 3 scrolls of amnesia
 i - 11 scrolls of identify
 l - 3 scrolls of fog
 q - 10 scrolls of remove curse
 r - 6 scrolls of enchant weapon
 s - a scroll of blinking
 u - 6 scrolls of teleportation
 E - 3 scrolls of magic mapping
 F - 2 scrolls of enchant armour
Miscellaneous
 v - a lamp of fire (inert)


   Skills:
 * Level 7.5 Fighting
   Level 0.7(6.3) Maces & Flails
 - Level 10.0 Staves
 * Level 2.0 Throwing
 - Level 5.8 Armour
 * Level 12.0 Dodging
 - Level 2.6 Stealth
 * Level 10.8 Spellcasting
 - Level 3.0 Summonings
 - Level 9.9 Necromancy
 - Level 3.0 Translocations
 - Level 10.3 Earth Magic
 - Level 10.9 Evocations


You had 4 spell levels left.
You knew the following spells:

 Your Spells              Type           Power        Failure   Level  Hunger
a - Iskenderun's Mystic   Conj           ###.....     4%          3    N/A
b - Apportation           Tloc           #####.       1%          1    N/A
c - Passwall              Tmut/Erth      ######..     1%          2    N/A
d - Summon Butterflies    Summ           #####...     1%          1    N/A
e - Petrify               Tmut/Erth      ######..     1%          4    N/A
f - Lee's Rapid Deconstr  Erth           #######...   1%          5    N/A
g - Borgnjor's Vile Clut  Necr/Erth      ########..   3%          6    N/A
h - Death Channel         Chrm/Necr      #######...   30%         6    N/A
i - Confuse               Hex            ###.....     4%          3    N/A

Your spell library contained the following spells:

 Spells                   Type           Power        Failure   Level  Hunger
 Infusion                 Chrm           ###.....     1%          1    N/A
 Magic Dart               Conj           ###.         1%          1    N/A
 Sandblast                Erth           ######       1%          1    N/A
 Slow                     Hex            ###.....     1%          1    N/A
 Call Imp                 Summ           #####...     1%          2    N/A
 Recall                   Summ/Tloc      N/A          1%          3    N/A
 Stone Arrow              Conj/Erth      ######       1%          3    N/A
 Animate Dead             Necr           N/A          1%          4    N/A
 Searing Ray              Conj           ###...       2%          2    N/A
 Dazzling Spray           Conj/Hex       ###...       4%          3    N/A
 Fulminant Prism          Conj/Hex       ###.......   14%         4    N/A
 Yara's Violent Unravell  Hex/Tmut       ###.......   14%         4    N/A
 Summon Forest            Summ/Tloc      #####.....   12%         5    N/A
 Simulacrum               Ice/Necr       #######...   30%         6    N/A
 Irradiate                Conj/Tmut      ###.......   38%         5    N/A
 Metabolic Englaciation   Hex/Ice        ###.......   38%         5    N/A
 Mana Rupture             Conj/Hex       ###.......   100%        7    N/A

Dungeon Overview and Level Annotations

Branches:
Dungeon (11/12)            Temple (0/1) D:6            Lair (6/6) D:7
  Swamp (2/3) Lair:3        Snake (0/3) Lair:4        Slime (0/5) Lair:5
    Orc (1/1) D:8             Elf (1/3) Orc          Vaults (0/3) D:11

Altars:
Fedhas
Gozag
Lugonu
Makhleb
Sif Muna
Zin
Jiyva

Shops:
D:6 [   D:7 =   D:8 ?   D:9 [   D:10 *[[:*   Orc *%:*!   Elf:1 %

Annotations:
D:8 3 runed translucent doors, Chiseanne's ghost, journeyman OpAc
D:10 2 transporters
Lair:2 2 transporters


Innate Abilities, Weirdness & Mutations

You do not eat or drink.
Your flesh is vulnerable to fire.
You are immune to poison.
You possess an exceptional clarity of mind.
Your flesh is cold resistant. (rC+)
You are immune to negative energy. (rN+++)
You are immune to unholy pain and torment.
You can survive without breathing.
You are in touch with the powers of death.


Message History

Press: ? - help, Shift-Dir - straight line, f/p - shambling mangrove
Aim: a shambling mangrove (almost destroyed, chance to defeat MR: 32%)
The shambling mangrove easily resists.
Evoke which item? (* to show all) (? for menu, Esc to quit)
Aiming: Disintegrate
Press: ? - help, Shift-Dir - straight line, f/p - shambling mangrove
Aim: a shambling mangrove (almost destroyed, chance to defeat MR: 32%)
The shambling mangrove easily resists.
Evoke which item? (* to show all) (? for menu, Esc to quit)
Aim the lamp in which direction?
Press: ? - help, Dir - move target cursor, f - hornet, p - shambling mangrove
Aim: a hornet (almost dead, hasn't noticed you)
The flames dance!
The trail of fire misses you.
The trail of fire hits the shambling mangrove.
You destroy the shambling mangrove!
Your Throwing skill increases to level 2!
The trail of fire hits the hornet.
You kill the hornet!
You die...
Your body crumbles into a pile of gold.

♣.≈≈.≈.......≈.....≈≈.≈≈♣≈
♣♣.≈≈≈..#..+#....≈≈≈≈♣.≈.≈≈
♣≈.≈≈≈..#...#.......§≈≈≈.≈≈
♣♣≈≈≈%...#...#...♣♣..♣♣...≈≈
♣..≈♣♣♣..#...##.###...♣♣..≈≈
♣♣...♣ ♣..#...#....♣...♣♣♣≈≈≈
♣...≈♣♣♣..######§.....≈.♣♣≈..
♣♣..≈..♣♣..#..§§§#....#...♣♣.≈
♣..♣...♣♣....@§..#.f..#.....^.
♣.♣♣♣.≈♣...#§....#.y.....≈.≈≈≈
♣♣♣♣♣.≈....########.###...≈≈≈♣
♣....≈........y.y....≈....≈
♣♣>...≈♣.........!..≈≈≈.♣§≈
♣.≈≈..≈.≈≈≈≈....≈.......≈.
♣♣.≈≈≈≈♣...≈..>≈...≈≈.♣♣♣§.
♣♣≈≈.≈.≈.♣..♣♣..≈≈.≈≈.♣.♣♣♣§
♣♣..≈♣....♣≈♣♣♣♣..≈≈≈≈..♣♣ ♣.


There were no monsters in sight!

Vanquished Creatures
  A fire giant (D:10)
  2 orc warlords
  A deep elf death mage (Elf:1)
  5 vault guards (D:11)
  Harold (Orc)
  8 hydras
  A shambling mangrove (Swamp:1)
  10 two-headed ogres
  3 ogre magi
  3 alligators
  A queen ant (D:9)
  2 orc high priests (Orc)
  A deep elf knight (Elf:1)
  An unseen horror (D:11)
  A swamp dragon (Swamp:1)
  A wizard (Lair:6)
  2 deep trolls (Orc)
  A spriggan druid (Swamp:1)
  2 orc sorcerers
  3 deep elf archers (Elf:1)
  An orc knight (Bailey)
  2 cyclopes (Orc)
  2 ugly things
  2 oklob plants (Lair:3)
  18 deep elf magi (Elf:1)
  11 elephants
  4 black mambas
  A gargoyle (D:11)
  5 rime drakes
  12 cane toads
  An ice devil (Lair:6)
  5 komodo dragons
  2 tengu conjurers (D:11)
  A polar bear (Lair:4)
  A tyrant leech (Lair:3)
  3 hornets
  7 trolls
  9 bog bodies
  2 queen bees
  4 slime creatures (Swamp:1)
  Prince Ribbit (D:6)
  5 hippogriffs
  26 blink frogs
  3 shadows (Swamp:1)
  3 wyverns
  42 yaks
  2 water elementals (Elf:1)
  A human (D:11)
  4 basilisks
  Grum (D:11)
  A fire elemental (D:11)
  A hungry ghost (D:11)
  Menkaure (Ossuary)
  A steam dragon (D:11)
  7 wargs
  6 swamp worms
  2 acid dragons
  20 soldier ants (D:8)
  4 porcupines
  2 hell hounds (Lair:6)
  Duvessa (D:4)
  11 water moccasins
  A floating eye (Lair:3)
  3 swamp drakes
  25 orc warriors
  2 ice beasts (D:7)
  2 sky beasts
  A necrophage (Swamp:1)
  2 phantoms
  2 black bears (Lair:4)
  An eye of draining (D:9)
  4 centaurs
  7 wolves
  25 ogres
  10 crocodiles
  An elf zombie (Ossuary)
  A big kobold (D:8)
  Blork the orc (D:5)
  17 bullfrogs
  A gnoll sergeant (D:9)
  An earth elemental (Elf:1)
  Dowan (D:4)
  2 scorpions
  43 killer bees
  4 wights (D:9)
  2 howler monkeys
  7 crimson imps
  8 centaur zombies
  A quasit (D:7)
  2 bullfrog zombies (D:5)
  4 centaur skeletons
  3 hounds
  2 jellies
  17 orc priests
  26 orc wizards
  A bullfrog skeleton (D:5)
  A gnoll shaman (D:2)
  Ijyb (D:5)
  2 iguanas
  5 hell rats (Lair:4)
  25 worker ants
  2 ogre zombies (Ossuary)
  4 hound skeletons
  3 hound zombies (D:5)
  6 mummies (Ossuary)
  A worker ant zombie (D:5)
  A howler monkey zombie (D:5)
  Robin (D:4)
  22 gnolls
  10 adders
  A shadow imp (D:8)
  2 oozes
  4 adder zombies
  An adder skeleton (D:5)
  2 worms
  A dart slug (D:3)
  74 orcs
  3 ball pythons
  5 giant cockroaches
  17 goblins
  18 hobgoblins
  7 jackals
  23 kobolds
  3 quokkas
  3 bats
  5 frilled lizards
  5 goblin zombies (Ossuary)
  3 hobgoblin zombies (Ossuary)
  2 jackal zombies (D:5)
  6 kobold zombies (Ossuary)
  An orc zombie (Ossuary)
  3 quokka skeletons
  7 quokka zombies
  4 rats
  A rat zombie (Ossuary)
  5 fungi
  7 plants
  6 withered plants (Swamp:1)
821 creatures vanquished.

Vanquished Creatures (collateral kills)
  A ghoul (Swamp:1)
  A deep elf demonologist (Elf:1)
  A hydra (Lair:6)
  2 two-headed ogres (Orc)
  A death yak (Lair:6)
  A deep elf knight (Elf:1)
  3 deep elf magi (Elf:1)
  2 black mambas (Lair:6)
  3 elephants (Lair:6)
  A cane toad (Lair:6)
  A komodo dragon (Lair:6)
  6 trolls (Orc)
  A blink frog (Lair:6)
  3 shadows (Swamp:1)
  A water elemental (Elf:1)
  2 water moccasins (Lair:6)
  2 orc warriors (Orc)
  A wolf (Lair:6)
  5 ogres (Orc)
  A crocodile (Lair:6)
  An earth elemental (Elf:1)
  An orc wizard (Orc)
  3 orcs (Orc)
  A bush (Lair:6)
  A fungus (Lair:6)
46 creatures vanquished.

Vanquished Creatures (others)
  2 dancing weapons (Elf:1)
  2 orcs (Orc)
  2 bushes (Lair:3)
  17 fungi
  8 plants
  8 withered plants (Swamp:1)
39 creatures vanquished.

Grand Total: 906 creatures vanquished

Notes
Turn   | Place    | Note
-------+----------+-------------------------------------------
     0 | D:1      | Chiseanne the Mummy Archaeologist began the quest for the
                  | Orb.
     0 | D:1      | Reached XP level 1. HP: 15/15 MP: 1/1
   227 | D:1      | Reached XP level 2. HP: 20/21 MP: 2/2
   922 | D:2      | Reached XP level 3. HP: 27/27 MP: 3/3
  1082 | D:2      | Reached skill level 1 in Spellcasting
  1538 | D:2      | Found an opulent altar of Gozag.
  1621 | D:2      | Became a worshipper of Gozag Ym Sagoz the Greedy
  1705 | D:2      | Reached XP level 4. HP: 7/33 MP: 8/10
  1857 | D:3      | Reached skill level 5 in Spellcasting
  2213 | D:3      | Reached XP level 5. HP: 10/38 MP: 11/14
  3065 | D:4      | Noticed Duvessa
  3065 | D:4      | Noticed Dowan
  3065 | D:4      | Noticed an ogre
  3118 | D:4      | Killed an ogre
  3118 | D:4      | Reached XP level 6. HP: 37/44 MP: 15/17
  3126 | D:4      | Killed Duvessa
  3133 | D:4      | Killed Dowan
  3261 | D:4      | Noticed Robin
  3282 | D:4      | Killed Robin
  3282 | D:4      | Reached skill level 3 in Dodging
  3420 | D:4      | Reached XP level 7. HP: 50/50 MP: 20/20
  3429 | D:4      | Reached skill level 1 in Armour
  3773 | D:3      | Reached skill level 1 in Staves
  4048 | D:5      | Entered Level 5 of the Dungeon
  4186 | D:5      | Reached XP level 8. HP: 47/60 MP: 21/21
  4190 | D:5      | Noticed Blork the orc
  4209 | D:5      | Killed Blork the orc
  4209 | D:5      | Reached skill level 4 in Dodging
  4244 | D:5      | Found a sand-covered staircase.
  4244 | D:5      | Noticed Ijyb
  4262 | D:5      | Killed Ijyb
  4277 | Ossuary  | Entered an ossuary
  4611 | Ossuary  | Noticed Menkaure
  4622 | Ossuary  | Killed Menkaure
  4902 | Ossuary  | Reached skill level 5 in Fighting
  5183 | D:5      | Reached skill level 5 in Dodging
  5588 | D:6      | Reached XP level 9. HP: 68/68 MP: 22/22
  6143 | D:6      | Noticed Prince Ribbit
  6155 | D:6      | Killed Prince Ribbit
  6250 | D:6      | Found a staircase to the Ecumenical Temple.
  6422 | D:6      | Bought a pair of smoking boots for 323 gold pieces
  6422 | D:6      | Bought a shiny helmet for 255 gold pieces
  6434 | D:6      | Identified the cursed +0 pair of boots of the Seventy-Seven
                  | Beds {MR+} (You bought it in a shop on level 6 of the
                  | Dungeon)
  6449 | D:6      | Learned a level 1 spell: Summon Butterflies
  6451 | D:6      | Learned a level 1 spell: Apportation
  6476 | D:7      | Found a glowing silver altar of Zin.
  6599 | D:7      | Reached skill level 1 in Translocations
  6636 | D:7      | Reached skill level 1 in Summonings
  6971 | D:7      | Reached skill level 5 in Armour
  7013 | D:7      | Reached XP level 10. HP: 58/77 MP: 23/23
  7254 | D:7      | Found a staircase to the Lair.
  7711 | D:8      | Noticed a queen ant
  7796 | D:8      | Reached skill level 10 in Spellcasting
  7872 | D:8      | Found a runed translucent gate.
  7873 | D:8      | Found a runed translucent gate.
  7873 | D:8      | Found a runed translucent gate.
  7875 | D:8      | Noticed Chiseanne's ghost (journeyman OpAc)
  7931 | D:8      | Noticed a two-headed ogre
  7949 | D:8      | Killed a two-headed ogre
  7949 | D:8      | Reached skill level 5 in Staves
  8416 | D:8      | Reached XP level 11. HP: 84/84 MP: 25/25
  8624 | D:8      | Found a glowing silver altar of Zin.
  8689 | D:8      | Found a staircase to the Orcish Mines.
  8792 | D:6      | Bought a spiked leather armour for 238 gold pieces
  8792 | D:6      | Bought a brightly glowing robe for 193 gold pieces
  8793 | D:6      | Identified the +2 leather armour of Inviolability {rElec
                  | MR+ Dex-2} (You bought it in a shop on level 6 of the
                  | Dungeon)
  8794 | D:6      | Identified the cursed +1 robe of the Vaults {+Inv rN++
                  | Str-4} (You bought it in a shop on level 6 of the Dungeon)
  9280 | D:9      | Learned a level 2 spell: Passwall
  9284 | D:9      | Learned a level 3 spell: Stone Arrow
  9695 | D:9      | Reached skill level 1 in Earth Magic
  9817 | D:9      | Learned a level 4 spell: Petrify
  9848 | D:9      | Reached skill level 6 in Dodging
 10031 | D:9      | Found a shimmering blue altar of Sif Muna.
 10291 | D:9      | Bought a pair of embroidered gloves for 157 gold pieces
 10710 | D:9      | Bought a glowing cloak for 157 gold pieces
 10753 | D:9      | Killed a queen ant
 10924 | D:9      | Learned a level 5 spell: Lee's Rapid Deconstruction
 11714 | D:9      | Bought a pair of runed gloves for 157 gold pieces
 11730 | D:10     | Entered Level 10 of the Dungeon
 11751 | D:10     | Noticed a green ugly thing
 11765 | D:10     | Killed a cyan ugly thing
 11765 | D:10     | Reached skill level 7 in Dodging
 11966 | D:10     | Found a flagged portal.
 11973 | Bailey   | Entered a bailey
 12339 | Bailey   | Noticed an orc knight
 12361 | Bailey   | Killed an orc knight
 12527 | D:10     | Identified a scroll of acquirement
 12593 | D:10     | Bought a manual of Evocations for 1214 gold pieces
 12604 | D:10     | Reached skill level 1 in Evocations
 12604 | D:10     | Reached XP level 12. HP: 85/91 MP: 19/26
 12628 | D:10     | Found Atupe's Demolitions Depot.
 12630 | D:10     | Noticed a fire giant
 12707 | Orc      | Entered the Orcish Mines
 12707 | Orc      | Noticed Harold
 13792 | Orc      | Noticed an orc warlord
 13800 | Orc      | Found Wesidak's Book Shoppe.
 13800 | Orc      | Found Deemikh's Distillery.
 13800 | Orc      | Noticed a two-headed ogre
 13800 | Orc      | Noticed a two-headed ogre
 13821 | Orc      | Noticed an orc warlord
 13831 | Orc      | Noticed a two-headed ogre
 13833 | Orc      | Noticed a two-headed ogre
 13835 | Orc      | Found a staircase to the Elven Halls.
 14263 | Lair:1   | Entered Level 1 of the Lair of Beasts
 14273 | Lair:1   | Found a blossoming altar of Fedhas.
 14312 | Lair:1   | Found the +8 storm bow {lightning rElec Stlth-}
 14544 | Lair:1   | Reached skill level 5 in Evocations
 14967 | Lair:2   | Found a transporter.
 15332 | Lair:2   | Found a transporter.
 15351 | Lair:2   | Noticed a six-headed hydra
 15384 | Lair:2   | Killed a six-headed hydra
 16364 | Lair:3   | Reached skill level 10 in Evocations
 17180 | Lair:3   | Paralysed by a floating eye for 4 turns
 17837 | Lair:3   | Gained mutation: You are in touch with the powers of death.
                  | [Mummy growth]
 17837 | Lair:3   | Reached XP level 13. HP: 96/96 MP: 3/27
 18070 | Lair:3   | Found a staircase to the Swamp.
 18355 | Lair:3   | Chiseanne: anmelden bitte
 18355 | Lair:3   | Chiseanne: ok
 18355 | Lair:3   | Chiseanne: so da ist beem
 18355 | Lair:3   | Chiseanne: tippe mal !beem
 18355 | Lair:3   | Chiseanne: nein warte
 18355 | Lair:3   | Tensor: !beem
 18355 | Lair:3   | beem: I'm a bot that sends commands to the DCSS IRC
                  | knowledge bots. For details, see
                  | https://github.com/gammafunk/beem/blob/master/docs/commands
                  | .md and to have me watch your games on this server, type:
                  | !subscribe
 18355 | Lair:3   | Chiseanne: genau
 18355 | Lair:3   | Chiseanne: da steht es
 18355 | Lair:3   | Chiseanne: subscribe
 18355 | Lair:3   | Chiseanne: type: !subscribe
 18355 | Lair:3   | Chiseanne: wenn du das gemacht hast ist der auch in deinem
                  | spiel und du kannst dort abfragen
 18355 | Lair:3   | Tensor: ist beem ein program?
 18355 | Lair:3   | Chiseanne: ein chatbot
 18355 | Lair:3   | Tensor: aha ... dann teste ich mal das bei mir :) Danke dir
 18355 | Lair:3   | Chiseanne: klar gerne aber
 18355 | Lair:3   | Chiseanne: du musst das hier erstmal anfordern
 18355 | Lair:3   | Chiseanne: also : !subscribe
 18355 | Lair:3   | Chiseanne: mach mal
 18355 | Lair:3   | Tensor: !subscribe
 18355 | Lair:3   | beem: Subscribed. I will now watch all games of user Tensor
 18537 | Lair:4   | Reached skill level 5 in Earth Magic
 19035 | Lair:4   | Reached skill level 8 in Dodging
 19429 | Lair:4   | Found a staircase to the Snake Pit.
 20210 | D:7      | Bought a cursed -4 ring of dexterity for 28 gold pieces
 20215 | D:7      | Bought an uncursed ring of protection from fire for 350
                  | gold pieces
 21045 | Lair:5   | Learned a level 6 spell: Borgnjor's Vile Clutch
 21233 | Lair:5   | Reached skill level 10 in Staves
 21311 | Lair:5   | Reached skill level 1 in Necromancy
 21866 | Lair:5   | Found a staircase to the Slime Pits.
 21866 | Lair:5   | Found a viscous altar of Jiyva.
 21998 | Lair:6   | Entered Level 6 of the Lair of Beasts
 22156 | Lair:6   | Reached skill level 9 in Dodging
 22309 | Lair:6   | Noticed a dire elephant
 22684 | Lair:6   | Learned a level 3 spell: Iskenderun's Mystic Blast
 22960 | Lair:6   | a dire elephant changed into a death yak
 23841 | D:9      | Bought a wizard robe for 119 gold pieces
 23842 | D:9      | Identified the cursed +0 robe of the Skies Above {Slay+2}
                  | (You bought it in a shop on level 9 of the Dungeon)
 23877 | D:10     | Killed a fire giant
 24232 | D:10     | Found a corrupted altar of Lugonu.
 24234 | D:10     | Noticed a cyan very ugly thing
 24321 | D:10     | Reached XP level 14. HP: 100/103 MP: 21/28
 24457 | D:10     | Bought a slimy chain mail for 313 gold pieces
 24458 | D:10     | Identified the cursed +1 chain mail "Enluut" {Int+3} (You
                  | bought it in a shop on level 10 of the Dungeon)
 24496 | D:10     | Bought the +0 cloak of the Constellations {rC+ MR+ Regen+
                  | Str-5} for 217 gold pieces
 24589 | D:10     | Found a transporter.
 24590 | D:10     | Found a transporter.
 24647 | D:11     | Noticed Grum
 24648 | D:11     | Chiseanne: hey :)
 24653 | D:11     | Killed Grum
 24653 | D:11     | Reached skill level 5 in Necromancy
 24665 | D:11     | Tensor: Hi ... wollte nicht stöhren :)
 24666 | D:11     | Chiseanne: tust du nicht :)
 24689 | D:10     | Chiseanne: kurz kaffee holen ;-)
 24689 | D:10     | Chiseanne: ob ich die mumie weiterbringe..ich weiss nicht
                  | so recht
 25668 | D:11     | Found a gate to the Vaults.
 26007 | D:11     | Reached skill level 10 in Dodging
 26627 | Orc      | Killed Harold
 26849 | D:8      | Killed an orc warlord
 27538 | Orc      | Learned a level 6 spell: Death Channel
 28507 | Orc      | Killed an orc warlord
 28754 | Orc      | Reached XP level 15. HP: 102/108 MP: 8/29
 28874 | Orc      | Found Budeedeu's Food Boutique.
 28891 | Orc      | Found Bidan's General Store.
 28977 | Orc      | Bought a book of Misfortune for 300 gold pieces
 28981 | Orc      | Learned a level 3 spell: Confuse
 29164 | Orc      | Found Citoxuf's General Store.
 29172 | Orc      | Bought a scroll of magic mapping for 52 gold pieces
 29477 | Orc      | Bought a scroll of blinking for 120 gold pieces
 29578 | D:9      | Bought transparent ice dragon scales for 1365 gold pieces
 29579 | D:9      | Identified the +1 ice dragon scales "Habb" {rF- rC++ rN+
                  | rCorr} (You bought it in a shop on level 9 of the Dungeon)
 29590 | D:9      | Chiseanne: spiel crashed manchmal bei mir
 29962 | Lair:6   | Reached skill level 11 in Dodging
 31218 | Lair:6   | Found a burning altar of Makhleb.
 31630 | Elf:1    | Entered Level 1 of the Elven Halls
 31801 | Elf:1    | Reached skill level 10 in Earth Magic
 32317 | Elf:1    | Identified the Disquisition on Creation
 32475 | Elf:1    | Found Daorroxe's Food Emporium.
 33099 | D:8      | Upgraded the game from bcrawl-1.15.1 to
                  | bcrawl-1.15.1-4-g77d781cab4
 33099 | D:8      | Upgraded the game from bcrawl-1.15.1-4-g77d781cab4 to
                  | bcrawl-1.17.3
 33310 | Swamp:1  | Entered Level 1 of the Swamp
 34025 | Swamp:1  | Reached skill level 1 in Throwing
 34916 | Swamp:1  | Reached skill level 12 in Dodging
 35497 | Swamp:1  | Engulfed by a cloud of flame

Skill      XL: |  1  2  3  4  5  6  7  8  9 10 11 12 13 14 15 |
---------------+----------------------------------------------+-----
Fighting       | 2 3 5 6 7 |  7.5
Spellcasting   | 4 7 8 9 10 | 10.8
Dodging        | 3 5 7 9 10 12 | 12.0
Armour         | 2 4 5 |  5.8
Staves         | 1 2 3 6 8 9 10 | 10.0
Translocations | 2 3 |  3.0
Summonings     | 2 3 |  3.0
Earth Magic    | 4 7 9 10 | 10.3
Evocations     | 1 10 | 10.9
Necromancy     | 4 8 9 |  9.9
Throwing       | 2 |  2.0
Maces & Flails | |  0.7
Stealth        | |  2.6

Action                   |  1- 3 |  4- 6 |  7- 9 | 10-12 | 13-15 || total
-------------------------+-------+-------+-------+-------+-------++-------
Melee: Whip              |    72 |       |       |       |       ||    72
       Spear             |   117 |   102 |       |       |       ||   219
       Mace              |       |    19 |       |       |       ||    19
       Falchion          |       |    68 |       |       |       ||    68
       Long sword        |       |     3 |       |       |       ||     3
       Quarterstaff      |       |    46 |   465 |   977 |   633 ||  2121
Throw: Javelin           |       |     7 |     3 |    75 |    16 ||   101
       Stone             |       |     1 |       |       |       ||     1
       Tomahawk          |       |       |       |       |    33 ||    33
 Cast: Summon Butterflie |       |       |       |    10 |       ||    10
       Stone Arrow       |       |       |       |    62 |    90 ||   152
       Petrify           |       |       |       |    30 |    30 ||    60
       Lee's Rapid Decon |       |       |       |    34 |    95 ||   129
       Iskenderun's Myst |       |       |       |       |   132 ||   132
       Passwall          |       |       |       |       |     1 ||     1
       Borgnjor's Vile C |       |       |       |       |    96 ||    96
       Death Channel     |       |       |       |       |    19 ||    19
Invok: Potion Petition   |       |     2 |       |     1 |       ||     3
       Call Merchant     |       |       |     1 |     2 |     5 ||     8
 Abil: Evoke Invisibilit |       |       |       |       |     1 ||     1
Evoke: Wand              |       |       |       |    20 |    53 ||    73
       Lamp of fire      |       |       |       |     1 |     4 ||     5
       Box of beasts     |       |       |       |       |     2 ||     2
  Use: Scroll            |     3 |     2 |    11 |    12 |    12 ||    40
 Stab: Distracted        |       |     1 |     2 |     2 |     5 ||    10
       Sleeping          |       |       |       |     4 |     3 ||     7
       Petrified         |       |       |       |     9 |    20 ||    29
       Paralysed         |       |       |       |     7 |    33 ||    40
       Petrifying        |       |       |       |       |     2 ||     2
       Invisible         |       |       |       |       |     2 ||     2
Armor: Robe              |    18 |       |       |       |       ||    18
       Chain mail        |   103 |   193 |   258 |   123 |       ||   677
       Leather armour    |       |       |       |   157 |   165 ||   322
Dodge: Dodged            |    80 |   121 |   321 |   683 |   549 ||  1754
